 Dungeon Crawl Stone Soup version 0.18.1-48-g4cf74bf (webtiles) character file.

15825 Galewin the Severer (level 12, -2/135 HPs)
             Began as a Minotaur Berserker on July 18, 2016.
             Was the Champion of Trog.
             Slain by a cyan ugly thing (13 damage)
             ... on level 12 of the Dungeon.
             The game lasted 00:29:23 (8983 turns).

Galewin the Severer (Minotaur Berserker)            Turns: 8983, Time: 00:29:24

Health: -2/135     AC: 22    Str: 32    XL:     12   Next: 4%
Magic:  11/11      EV:  9    Int:  4    God:    Trog [******]
Gold:   717        SH:  0    Dex: 10    Spells: 0 memorised, 11 levels left

rFire  . . .     SeeInvis .     C - +3 battleaxe (chop)
rCold  . . .     Gourm    .     d - +2 plate armour
rNeg   . . .     Faith    .     (shield currently unavailable)
rPois  .         Spirit   .     (helmet restricted)
rElec  .         Dismiss  .     s - +0 cloak
rCorr  .         Reflect  .     v - +0 pair of gloves
SustAt .         Harm     .     g - +0 pair of boots
MR     .....                    (no amulet)
Stlth  ..........               (no ring)
                                (no ring)

@: berserking, liquid flames, glowing, very quick, not resistant to hostile
enchantments, extremely unstealthy
A: retaliatory headbutt, horns 2
a: Berserk, Trog's Hand, Brothers in Arms, Burn Spellbooks, Renounce Religion


You were on level 12 of the Dungeon.
You worshipped Trog.
Trog was exalted by your worship.
You were not hungry.

You visited 1 branch of the dungeon, and saw 12 of its levels.
You also visited: Sewer.

You collected 717 gold pieces.

Inventory:

Hand Weapons
 C - a +3 battleaxe of chopping (weapon)
Armour
 d - a +2 plate armour (worn)
 g - a +0 pair of boots (worn)
 s - a +0 cloak (worn)
 v - a +0 pair of gloves (worn)
Jewellery
 D - an uncursed ring of sustain attributes {unknown}
Wands
 j - a wand of flame (48/48)
 t - a wand of polymorph (5/24)
 A - a wand of flame (13/48)
 F - a wand of flame (33/48)
 H - a wand of lightning (5/15)
 I - a wand of polymorph (11/24)
 K - a wand of iceblast (3/15)
 L - a wand of random effects (32/48)
 Q - a wand of enslavement (4/24)
Scrolls
 b - 7 scrolls of remove curse
 e - 2 scrolls of fog
 f - 4 scrolls of magic mapping
 l - 8 scrolls of identify
 n - 2 scrolls of fear
 p - 2 scrolls of teleportation
 w - 2 scrolls of torment {unknown}
 y - 3 scrolls of enchant armour
 G - a scroll of random uselessness {unknown}
 P - a scroll of enchant weapon {unknown}
Potions
 a - a potion of brilliance {unknown}
 h - a potion of lignification {unknown}
 i - a potion of invisibility {unknown}
 k - a potion of resistance {unknown}
 o - 2 potions of haste
 q - a potion of magic
 u - 4 potions of heal wounds {unknown}
 x - 4 potions of curing {unknown}
 z - a potion of flight
 B - 3 potions of might {unknown}
 J - a potion of mutation {unknown}
 M - a potion of agility {unknown}
Comestibles
 c - 7 bread rations
 m - 18 fruits
 r - 5 meat rations
 E - 4 chunks of flesh


   Skills:
 - Level 3.6 Fighting
 * Level 18.1 Axes
 + Level 13.2 Armour
 - Level 2.1 Dodging


You had 11 spell levels left.
You didn't know any spells.

Dungeon Overview and Level Annotations

Branches:
Dungeon (12/15)            Temple (0/1) D:6            Lair (0/8) D:9
    Orc: D:9-12

Altars:
Ashenzari
Elyvilon
Fedhas
Makhleb
Okawaru
Pakellas
Xom
Yredelemnul
The Shining One

Shops:
D:6 :


Innate Abilities, Weirdness & Mutations

You reflexively headbutt those who attack you in melee.
You have a pair of horns on your head.


Message History

You barely miss the wasp. You headbutt the wasp!
The wasp is moderately wounded.
You are covered in liquid flames!
* * * LOW HITPOINT WARNING * * *
You slash the wasp! Your headbutt misses the wasp.
The wasp is severely wounded.
You are covered in liquid flames!
* * * LOW HITPOINT WARNING * * *
The wasp stings you but does no damage.
You slice the wasp!!
You kill the wasp!
Trog accepts your kill.
You are covered in liquid flames!
* * * LOW HITPOINT WARNING * * *
You are covered in liquid flames!
* * * LOW HITPOINT WARNING * * *
The cyan ugly thing tail-slaps you!
* * * LOW HITPOINT WARNING * * *
The cyan ugly thing shocks you!
You die...

#.#
##.##.##.#
#.#
##.##...#)
#.###.#.###
#
#....###.#
#####.#..#
# ##.#.# .#
#.#.###.##
#....#u..#
###.†@.#
##.#...#
#..........
#..##......
#..# ####..
#..# # #..#
#..


You could see a cyan ugly thing.

Vanquished Creatures
  The ghost of Galewind the Thaumaturge, a journeyman DECj of Sif Muna (D:9)
  An unseen horror (D:11)
  2 hill giants (D:11)
  2 ugly things (D:11)
  2 cyclopes (D:12)
  Joseph (D:8)
  2 centaur zombies (D:12)
  A spiny frog (D:9)
  2 trolls
  A two-headed ogre (D:8)
  3 wyverns (D:9)
  3 wraiths (D:7)
  10 yaks
  A steam dragon (D:9)
  Grum (D:10)
  2 hippogriffs
  A mottled dragon (D:12)
  A soldier ant (D:10)
  A water moccasin (D:7)
  A black bear (D:10)
  2 wasps (D:12)
  An ice beast (D:11)
  3 sky beasts
  2 ogres
  7 orc warriors
  4 phantoms
  2 necrophages
  6 wolves
  5 centaurs
  A crocodile (D:6)
  5 big kobolds
  7 giant frogs
  3 scorpions
  4 killer bees (D:7)
  6 wights
  2 electric eels (D:9)
  2 howler monkeys
  A quasit (D:9)
  6 crimson imps
  A giant frog zombie (D:9)
  3 human zombies (D:7)
  7 hounds
  5 jellies
  20 orc wizards
  9 orc priests
  2 giant frog skeletons
  Crazy Yiuf (D:5)
  2 centaur skeletons
  Jessica (D:2)
  2 human skeletons (D:7)
  Natasha (twice) (D:2)
  3 iguanas
  7 worker ants
  4 sheep
  A hound skeleton (D:6)
  A mummy (D:7)
  A worker ant zombie (D:7)
  Robin (D:2)
  4 gnolls (D:7)
  9 adders
  7 river rats
  2 oozes
  2 adder skeletons
  A worm (D:2)
  2 dart slugs
  9 giant geckos
  53 orcs
  5 bats
  8 giant cockroaches
  15 goblins
  10 hobgoblins
  6 jackals
  60 kobolds
  3 quokkas
  7 ball pythons
  A giant gecko skeleton (D:6)
  5 giant newts
  2 orc zombies (D:7)
  A quokka skeleton (D:5)
  21 rats
414 creatures vanquished.

Vanquished Creatures (others)
  A plant (D:4)
1 creature vanquished.

Grand Total: 415 creatures vanquished

Notes
Turn   | Place    | Note
--------------------------------------------------------------
     0 | D:1      | Galewin the Minotaur Berserker began the quest for the Orb.
     0 | D:1      | Reached XP level 1. HP: 19/19 MP: 0/0
   212 | D:1      | Reached skill level 4 in Axes
   275 | D:1      | Reached XP level 2. HP: 24/26 MP: 1/1
   681 | D:1      | Reached ** piety under Trog
   807 | D:2      | Reached XP level 3. HP: 30/31 MP: 2/2
   839 | D:2      | Found a burning altar of Makhleb.
   943 | D:2      | Noticed Jessica
   944 | D:2      | Noticed Robin
   956 | D:2      | Killed Jessica
   956 | D:2      | Reached skill level 5 in Axes
   956 | D:2      | Reached XP level 4. HP: 22/39 MP: 3/3
   959 | D:2      | Killed Robin
  1128 | D:2      | Noticed Natasha
  1136 | D:2      | Killed Natasha
  1289 | D:2      | Reached *** piety under Trog
  1378 | D:2      | Reached XP level 5. HP: 45/45 MP: 4/4
  1388 | D:2      | Noticed Natasha
  1404 | D:2      | Killed Natasha
  1404 | D:2      | Reached skill level 6 in Axes
  1741 | D:3      | Reached XP level 6. HP: 29/51 MP: 5/5
  1898 | D:3      | Reached skill level 7 in Axes
  2171 | D:4      | Reached skill level 5 in Armour
  2370 | D:4      | Reached **** piety under Trog
  2370 | D:4      | Reached skill level 8 in Axes
  2379 | D:4      | Reached XP level 7. HP: 11/57 MP: 6/6
  2749 | D:4      | Found a glowing drain.
  2753 | Sewer    | Entered a sewer
  2873 | Sewer    | Reached ***** piety under Trog
  3104 | Sewer    | Reached skill level 9 in Axes
  3495 | D:4      | Found a white marble altar of Elyvilon.
  3495 | D:4      | Found a glowing golden altar of the Shining One.
  3495 | D:4      | Found an iron altar of Okawaru.
  3496 | D:4      | Found a shattered altar of Ashenzari.
  3497 | D:4      | Found an oddly glowing altar of Pakellas.
  3499 | D:4      | Found a shimmering altar of Xom.
  3820 | D:5      | Entered Level 5 of the Dungeon
  3864 | D:5      | Noticed Crazy Yiuf
  3868 | D:5      | Killed Crazy Yiuf
  3923 | D:5      | Reached XP level 8. HP: 37/64 MP: 7/7
  4190 | D:5      | Reached skill level 10 in Axes
  4252 | D:6      | Found Rykhy's Book Shoppe.
  4323 | D:6      | Received a gift from Trog
  4369 | D:6      | Reached skill level 11 in Axes
  4492 | D:6      | Found a staircase to the Ecumenical Temple.
  4781 | D:7      | Reached XP level 9. HP: 47/70 MP: 8/8
  4814 | D:7      | Reached skill level 12 in Axes
  5176 | D:7      | Reached skill level 13 in Axes
  5188 | D:7      | Found a basalt altar of Yredelemnul.
  5237 | D:7      | Reached skill level 10 in Armour
  5500 | D:8      | Noticed Joseph
  5513 | D:8      | Killed Joseph
  5513 | D:8      | Reached skill level 14 in Axes
  5513 | D:8      | Reached XP level 10. HP: 63/77 MP: 9/9
  6349 | D:9      | Reached ****** piety under Trog
  6367 | D:9      | Reached skill level 15 in Axes
  6614 | D:9      | Noticed Galewind's ghost (journeyman DECj)
  6630 | D:9      | Killed Galewind's ghost
  6664 | D:9      | Found a staircase to the Lair.
  6702 | D:9      | Reached XP level 11. HP: 66/82 MP: 10/10
  6733 | D:9      | Reached skill level 16 in Axes
  6758 | D:9      | Received a gift from Trog
  6818 | D:9      | Found a blossoming altar of Fedhas.
  6965 | D:10     | Entered Level 10 of the Dungeon
  7289 | D:10     | Noticed Grum
  7297 | D:10     | Killed Grum
  7762 | D:11     | Noticed a red ugly thing
  7773 | D:11     | Killed a red ugly thing
  7829 | D:11     | Noticed a white ugly thing
  7841 | D:11     | Killed a white ugly thing
  7841 | D:11     | Reached skill level 17 in Axes
  7939 | D:11     | Killed an unseen horror
  8077 | D:11     | Noticed a hill giant
  8506 | D:11     | Noticed a hill giant
  8514 | D:11     | Killed a hill giant
  8635 | D:11     | Killed a hill giant
  8724 | D:12     | Found an oddly glowing altar of Pakellas.
  8900 | D:12     | Received a gift from Trog
  8968 | D:12     | Reached skill level 18 in Axes
  8971 | D:12     | Noticed a cyan ugly thing
  8974 | D:12     | Reached XP level 12. HP: 30/90 MP: 11/11
  8983 | D:12     | Slain by a cyan ugly thing

Skill      XL: |  1  2  3  4  5  6  7  8  9 10 11 |
---------------+----------------------------------+-----
Axes           | 4 5 6 8 9 11 14 15 18 | 18.1
Armour         | 3 4 5 6 8 10 11 13 | 13.2
Fighting       | |  3.6
Dodging        | |  2.1

Action                   |  1- 3 |  4- 6 |  7- 9 | 10-12 || total
-------------------------+-------+-------+-------+-------++-------
Melee: Hand axe          |   101 |   148 |   200 |       ||   449
       Headbutt          |    10 |    27 |    65 |    66 ||   168
       War axe           |       |       |   108 |       ||   108
       Battleaxe         |       |       |   159 |   400 ||   559
Invok: Berserk           |     1 |     2 |     4 |     6 ||    13
       Trog's Hand       |       |     1 |     1 |     2 ||     4
       Burn Spellbooks   |       |       |     1 |     2 ||     3
  Use: Scroll            |       |     4 |    10 |     1 ||    15
       Potion            |       |     2 |     3 |       ||     5
  Eat: Chunk             |       |     8 |    12 |    12 ||    32
       Beef jerky        |       |       |     2 |     2 ||     4
       Pizza             |       |       |       |     2 ||     2
Armor: Plate armour      |    58 |   119 |   285 |   285 ||   747
Dodge: Dodged            |    28 |    43 |   144 |   144 ||   359
